Unix NetHack Version 5.0.0-0 post-release - last build May 22 2026 02:22:16 (99d1c3b6dc4b13757aaa5824b55bdea4e1e63757,branch:main).

Game began 2026-05-20 02:55:50, ended 2026-05-22 03:10:07.

Eldrich, lawful male human Archeologist

                        --------          ------------
       -----            |......|          |..........|            #########
       |...|     #######........###       |........%.-#                   #
       |...|            |......|  ########.......[...|#                   #
       |...-#           |......-##       #|.....<....|#                   #
       -----#           ------.- ##     # -----.------#                   #
            #               ###   #### `       #      #            -------.---
            #               #        ##        #      ##           |.........|
            #               #        #         ##      #      #####..........|
            #               ###########         #      #------     |.........|
            #              ##        #   -.-----.-     #|....|     |(..%.....|
            ##           ###         ### |.......|  ####-....| ####-.........|
             # ----------|---#         # |......@o###  #|..>..##   -------.---
   ----      # |............-#         ##.......f|     #|....|            #
   |..| #    ##.............|            |.......|     #|....|            #
   |...##      |............|            ---------     #.....|            ##
   ---- #######.............|                           ------            #
               |............|                                        ######
               --------------

Eldrich the Field Worker   St:25 Dx:8 Co:10 In:17 Wi:16 Ch:11  Lawful
Dlvl:5  $:2930 HP:0(42) Pw:30(30) AC:4  Xp:5 T:2981 

Latest messages:
 You lash the floating eye!
 You are frozen by the floating eye's gaze!
 You hear a nearby zap.
 The magic missile misses the floating eye.
 The magic missile whizzes by you!
 The magic missile misses the kitten.
 You hear a nearby zap.
 The floating eye is killed by the magic missile!
 The magic missile hits you!
 The missiles bounce off!
 It is missed.
 A poisoned crude arrow misses you.
 It is hit.
 It is hit.
 It is missed.
 It is hit.
 It is hit.
 The Uruk-hai hits!
 The Uruk-hai hits!
 The Uruk-hai hits!
 The Uruk-hai hits!
 It is hit.
 It is hit.
 It is missed.
 The poisoned crude arrow hits the Uruk-hai!
 The poison doesn't seem to affect the Uruk-hai.
 It is hit.
 The Uruk-hai hits!
 It is hit.
 It is missed.
 The poisoned crude arrow hits the Uruk-hai!
 The poison doesn't seem to affect the Uruk-hai.
 The Uruk-hai hits!
 It is hit!
 It is destroyed!
 The Uruk-hai hits!
 The Uruk-hai hits!
 The Uruk-hai hits!
 The poisoned crude arrow hits the Uruk-hai.
 The poison doesn't seem to affect the Uruk-hai.
 The poisoned crude arrow hits the Uruk-hai.
 The poison doesn't seem to affect the Uruk-hai.
 The Uruk-hai hits!
 The Uruk-hai hits!
 You die...
 Do you want your possessions identified? [ynq] (y) y
 Do you want to see your attributes? [ynq] (y) n
 Do you want an account of creatures vanquished? [ynaq] (y) n
 Do you want to see your conduct and achievements? [ynq] (y) n
 Do you want to see the dungeon overview? [ynq] (y) n

Inventory:
 Coins    ('$')
  $ - 2930 gold pieces
 Weapons  (')')
  a - a +2 bullwhip (weapon in right hand)
 Armor    ('[')
  c - an uncursed +0 fedora (being worn)
  w - an uncursed +0 pair of gauntlets of power (being worn)
  t - an uncursed +0 pair of speed boots (being worn)
  E - an uncursed +0 cloak of magic resistance (being worn)
  H - an uncursed +0 ring mail (being worn)
 Comestibles  ('%')
  C - 2 uncursed cram rations
  d - 5 uncursed food rations
  q - an uncursed lembas wafer
  o - an uncursed tripe ration
 Scrolls  ('?')
  j - an uncursed scroll of enchant weapon
  y - 2 uncursed scrolls of light
 Potions  ('!')
  x - an uncursed potion of restore ability
  n - an uncursed potion of water
 Wands    ('/')
  k - a wand of light (0:11)
 Tools    ('(')
  h - an empty uncursed sack
  r - a can of grease (0:5)
  i - a magic marker (0:22)
  e - a +0 pick-axe (alternate weapon; not wielded)
 Gems/Stones  ('*')
  g - an uncursed touchstone

Eldrich the Archeologist's attributes:

Background:
 You were a Field Worker, a level 5 male human Archeologist.
 You were lawful, nominally on a mission for Quetzalcoatl
 who was opposed by Camaxtli (neutral) and Huhetotl (chaotic).
 You were right-handed.
 You were in the Dungeons of Doom, on level 5.
 You entered the dungeon 2981 turns ago.
 It was nighttime.
 You had 213 experience points, 107 more were needed to attain level 6.

Basics:
 You had 0 out of 42 hit points.
 You had all 30 energy points (spell power).
 Your armor class was 4.
 Your wallet contained 2930 zorkmids.
 Autopickup was off.

Final Characteristics:
 Your strength was 25 (base:14, innate limit:18/100).
 Your dexterity was 8 (limit:18).
 Your constitution was 10 (limit:18).
 Your intelligence was 17 (limit:18).
 Your wisdom was 16 (limit:18).
 Your charisma was 11 (limit:18).

Final Status:
 You weren't hungry.
 You were unencumbered.
 You were wielding a whip.
 You had basic skill with whip.

Final Attributes:
 You were piously aligned.
 You were magic-protected.
 You had automatic searching.
 You were stealthy.
 You were warded.
 Your spell casting was impaired by metallic armor.
 You were very fast.
 You were lucky.
 You are dead.

Miscellaneous:
 You didn't encounter any bones levels.
 Total elapsed playing time was 40 minutes and 2 seconds.

Major events:
 Turn
    1: Eldrich the lawful male human Archeologist entered the dungeon
 1212: attained the rank of Field Worker (level 3)
 1576: entered the Gnomish Mines
 2981: killed by an Uruk-hai, while frozen by a floating eye's gaze

Spells:
 Name                 Level Category     Fail Retention
 knock                  1   matter       100%  76%-100%
 light                  1   divination   100%  76%-100%

Skills:
 Fighting Skills
   bare handed combat [Unskilled]
   two weapon combat  [Unskilled]
   riding             [Unskilled]
 Weapon Skills
   dagger             [Unskilled]
   knife              [Unskilled]
   pick-axe           [Basic]
   short sword        [Unskilled]
   saber              [Unskilled]
   club               [Unskilled]
   quarterstaff       [Unskilled]
   sling              [Unskilled]
   dart               [Unskilled]
   boomerang          [Unskilled]
   whip               [Basic]
   unicorn horn       [Unskilled]
 Spellcasting Skills
   attack spells      [Unskilled]
   healing spells     [Unskilled]
   divination spells  [Unskilled]
   matter spells      [Unskilled]

Voluntary challenges:
 Character rerolling was not enabled.
 You were an atheist.
 You never genocided any monsters.
 You never polymorphed an object.
 You never changed form.
 You used no wishes.
Achievements:
 You entered a shop.
 You attained the rank of Field Worker.
 You entered the Gnomish Mines.

 The Dungeons of Doom: levels 1 to 6
    Level 1:
       A fountain.
    Level 2:
       An armor shop, a fountain.
    Level 3:
       A general store, a fountain.
       Stairs down to The Gnomish Mines.
    Level 4:
    Level 5: <- You were here.
       Final resting place for
          you, killed by an Uruk-hai, while frozen by a floating eye's gaze.
    Level 6:
 The Gnomish Mines:
    Level 4:


Vanquished creatures:
  a human zombie
 an Uruk-hai
  a gnomish wizard
  a kobold mummy
  a straw golem
  a giant ant
  2 little dogs
  a floating eye
  a kitten
  a dwarf
  a homunculus
  2 iguanas
 an acid blob
  2 coyotes
  2 gas spores
  a hobbit
  2 manes
  2 cave spiders
  a yellow mold
  a red mold
  3 geckos
  a jackal
  a fox
  3 kobolds
  a goblin
  a sewer rat
  6 grid bugs
  3 lichens
  6 newts
51 creatures vanquished.

No species were genocided or became extinct.

Game over:
                       ----------
                      /          \
                     /    REST    \
                    /      IN      \
                   /     PEACE      \
                  /                  \
                  |     Eldrich      |
                  |     2930 Au      |
                  |   killed by an   |
                  |     Uruk-hai     |
                  |                  |
                  |                  |
                  |       2026       |
                 *|     *  *  *      | *
        _________)/\\_//(\/(/\)/\//\/|_)_______

Goodbye Eldrich the Archeologist...

You died in The Dungeons of Doom on dungeon level 5 with 3749 points,
and 2930 pieces of gold, after 2981 moves.
You were level 5 with a maximum of 42 hit points when you died.

